 Dungeon Crawl Stone Soup version 0.28-a0-563-gf77a47075d (webtiles) character file.

Game seed: 3653247321248521511

104226 Spaninq the Destroyer (level 16, -1/124 HPs)
             Began as a Human Fire Elementalist on Sept 28, 2021.
             Was the Champion of Vehumet.
             Slain by a ghost moth (7 damage)
             ... on level 2 of the Spider Nest on Sept 29, 2021.
             The game lasted 02:32:15 (30508 turns).

Spaninq the Destroyer (Human Fire Elementalist)    Turns: 30508, Time: 02:32:17

Health: -1/124     AC:  9    Str:  5 (11) XL:     16   Next: 91%
Magic:  2/32       EV: 12    Int: 29 (34) God:    Vehumet [******]
Gold:   3480       SH:  4    Dex:  9 (17) Spells: 5/40 levels left

rFire   . . .      SeeInvis +   j - +2 short sword (venom)
rCold   + + +      Faith    .   B - +0 buckler
rNeg    + . .      Spirit   .   a - +0 robe
rPois   +          Reflect  .   c - +2 hat {SInv}
rElec   .          Harm     .   K - +2 cloak of Repulsion {rPois rN+ Dex+3}
rCorr   +          Rampage  .   d - +0 pair of gloves of the Shining Light {rPois rC++ Int+2}
Will    +....                   H - +0 pair of boots of the Griffon {Regen+}
Stlth   ++........              x - amulet "Cockutsua" {RegenMP SInv}
HPRegen 1.30/turn               J - +6 ring of intelligence
MPRegen 0.48/turn               C - ring "Yhoydwar" {Drain rPois rC+ rCorr Int+6}

@: no status effects
A: no striking features
a: Renounce Religion


You were on level 2 of the Spider Nest.
You worshipped Vehumet.
Vehumet was exalted by your worship.
You visited 5 branches of the dungeon, and saw 25 of its levels.
You also visited: Bailey and Gauntlet.

You collected 3560 gold pieces.
You spent 80 gold pieces at shops.

Inventory:

Hand Weapons
 j - a +2 short sword of venom (weapon)
 k - the +1 long sword of the Head {flame, Str+4}
   (You found it on level 2 of the Lair of Beasts)

   It burns those it strikes, dealing additional fire damage.
   Big, fiery blades are also staple armaments of hydra-hunters.
   Str:       It affects your strength (+4).
Missiles
 h - 668 stones
 L - 2 throwing nets
Armour
 a - a +0 robe (worn)
 c - a +2 hat of see invisible (worn)
 d - the +0 pair of gloves of the Shining Light (worn) {rPois rC++ Int+2}
   (You acquired it on level 4 of the Dungeon)

   Int:       It affects your intelligence (+2).
   rC:        It greatly protects you from cold.
   rPois:     It protects you from poison.
 B - a +0 buckler (worn)
 H - the +0 pair of boots of the Griffon (worn) {Regen+}
   (You found it in a Gauntlet)

   Regen:     It increases your rate of health regeneration.
 K - the +2 cloak of Repulsion (worn) {rPois rN+ Dex+3}
   (You found it in a bailey)

   Dex:       It affects your dexterity (+3).
   rPois:     It protects you from poison.
   rN:        It protects you from negative energy.
Magical Staves
 E - a staff of fire
Jewellery
 x - the amulet "Cockutsua" (around neck) {RegenMP SInv}
   (You acquired it on level 4 of the Dungeon)

   [amulet of magic regeneration]

   It increases your rate of magic regeneration.
   SInv:      It lets you see invisible.
 A - a ring of fire
 C - the ring "Yhoydwar" (right hand) {Drain rPois rC+ rCorr Int+6}
   (You found it on level 8 of the Dungeon)

   [ring of resist corrosion]

   Int:       It affects your intelligence (+6).
   rC:        It protects you from cold.
   rPois:     It protects you from poison.
   rCorr:     It protects you from acid and corrosion.
   Drain:     It drains your maximum health when unequipped.
 J - a +6 ring of intelligence (left hand)
 M - a ring of magical power
 N - a ring of protection from fire
Wands
 l - a wand of digging (17)
 q - a wand of polymorph (52)
 t - a wand of iceblast (26)
 y - a wand of acid (11)
 D - a wand of paralysis (20)
 O - a wand of mindburst (15)
 P - a wand of flame (51)
Scrolls
 b - 5 scrolls of fear
 p - 9 scrolls of teleportation
 s - 6 scrolls of blinking
 z - 4 scrolls of fog
 F - 4 scrolls of enchant weapon
 G - a scroll of enchant armour
 Q - a scroll of summoning
 R - 4 scrolls of identify
 T - a scroll of amnesia
 U - a scroll of brand weapon
 V - a scroll of magic mapping
 W - a scroll of holy word
Potions
 e - 6 potions of brilliance
 f - a potion of resistance
 g - 2 potions of mutation
 i - 9 potions of might
 m - a potion of lignification
 n - 4 potions of flight
 o - 5 potions of invisibility
 r - 3 potions of cancellation
 u - 4 potions of berserk rage
 I - 6 potions of curing
 S - 2 potions of ambrosia
 X - a potion of haste


   Skills:
 + Level 10.8 Fighting
 - Level 2.0 Dodging
 - Level 2.0 Stealth
 - Level 4.0 Shields
 * Level 12.5 Spellcasting
 * Level 14.2 Conjurations
 - Level 12.5 Fire Magic
 * Level 13.8 Earth Magic
 - Level 4.0 Poison Magic


You had 5 spell levels left.
You knew the following spells:

 Your Spells              Type           Power      Damage    Failure   Level
a - Iron Shot             Conj/Erth      39%        9d8       1%          6
b - Scorch                Fire           100%       2d10      1%          2
c - Sandblast             Erth           100%       2d20      0%          1
d - Flame Wave            Conj/Fire      77%        3d13      1%          4
e - Ignite Poison         Fire/Tmut/Pois 50%        N/A       1%          3
f - Fireball              Conj/Fire      38%        3d16      1%          5
g - Mephitic Cloud        Conj/Pois/Air  52%        N/A       1%          3
h - Lee's Rapid Deconstr  Erth           39%        3d20*     1%          5
i - Starburst             Conj/Fire      38%        6d11      1%          6

Your spell library contained the following spells:

 Spells                   Type           Power      Damage    Failure   Level
 Eringya's Noxious Bog    Tmut/Pois      14%        N/A       43%         6
 Foxfire                  Conj/Fire      100%       2x1d9     0%          1
 Magic Dart               Conj           100%       1d8       0%          1
 Searing Ray              Conj           100%       2d8       0%          2
 Passwall                 Tmut/Erth      45%        N/A       1%          2
 Poisonous Vapours        Pois/Air       58%        N/A       1%          2
 Conjure Flame            Conj/Fire      77%        6-21      1%          3
 Dazzling Flash           Conj/Hex       100%       N/A       1%          3
 Inner Flame              Hex/Fire       53%        N/A       1%          3
 Stone Arrow              Conj/Erth      100%       3d13      1%          3
 Animate Armour           Summ/Erth      100%       N/A       1%          4
 Petrify                  Tmut/Erth      55%        N/A       1%          4
 Irradiate                Conj/Tmut      28%        3d22      1%          5
 Iskenderun's Battlesphe  Conj           79%        2d13      1%          5
 Frozen Ramparts          Ice            36%        1d5       2%          3
 Animate Skeleton         Necr           36%        N/A       3%          1
 Pain                     Necr           72%        1d7       3%          1
 Spider Form              Tmut/Pois      14%        N/A       3%          3
 Call Imp                 Summ           18%        N/A       4%          2
 Corpse Rot               Necr/Air       N/A        N/A       4%          2
 Ensorcelled Hibernation  Hex/Ice        36%        N/A       4%          2
 Sublimation of Blood     Necr           9%         N/A       4%          2
 Tukima's Dance           Hex            18%        N/A       9%          3
 Vampiric Draining        Necr           9%         2d7       9%          3
 Yara's Violent Unravell  Hex/Tmut       9%         3d6       21%         5
 Dispel Undead            Necr           18%        3d11      28%         4
 Ice Form                 Ice/Tmut       18%        N/A       28%         4
 Passage of Golubria      Tloc           N/A        N/A       28%         4
 Summon Ice Beast         Ice/Summ       18%        N/A       28%         4
 Agony                    Necr           18%        N/A       63%         5
 Blade Hands              Tmut           9%         N/A       63%         5
 Silence                  Hex/Air        9%         N/A       63%         5
 Orb of Destruction       Conj           39%        9d13      1%          7
 Conjure Ball Lightning   Conj/Air       28%        3x3d8     7%          6
 Death Channel            Necr           9%         N/A       99%         6
 Dispersal                Tloc           9%         N/A       99%         6
 Disjunction              Tloc           9%         N/A       100%        8


Dungeon Overview and Level Annotations

Branches:
Dungeon (14/15)            Temple (1/1) D:4            Lair (6/6) D:8
 Shoals (0/4) Lair:2       Spider (2/4) Lair:4        Slime (0/5) Lair:6
    Orc (2/2) D:11            Elf (0/3) Orc:2        Vaults (0/5) D:13
 Bailey (visited)         Gauntlet (visited)

Altars:
Ashenzari
Cheibriados
Dithmenos
Elyvilon
Fedhas
Gozag
Hepliaklqana
Kikubaaqudgha
Makhleb
Nemelex Xobeh
Okawaru
Qazlal
Ru
Sif Muna
Trog
Uskayaw
Vehumet
Wu Jian
Xom
Yredelemnul
Zin
The Shining One
Beogh

Shops:
D:6 *   D:7 *   D:11 (   D:14 (   Orc:2 *?[*

Annotations:
D:4 Edmund


Message History

You hit the ghost moth.
The ghost moth is almost dead.
The ghost moth hits you.
* * * LOW HITPOINT WARNING * * *
You feel clumsy.
The ghost moth hits you but does no damage.
The ghost moth stings you.
* * * LOW HITPOINT WARNING * * *
You feel much better. The ghost moth stares at you.
You feel your power leaking away. The ghost moth barely misses you.
The ghost moth hits you!
* * * LOW HITPOINT WARNING * * *
The ghost moth stings you but does no damage.
The ghost moth hits you but does no damage.
The ghost moth misses you. The ghost moth stings you.
* * * LOW HITPOINT WARNING * * *
You feel much better. The ghost moth hits you!
* * * LOW HITPOINT WARNING * * *
The ghost moth hits you but does no damage.
The ghost moth stings you but does no damage.
You hit the ghost moth.
The ghost moth is almost dead.
The ghost moth hits you.
* * * LOW HITPOINT WARNING * * *
The ghost moth barely misses you. x2
You hit the ghost moth but do no damage.
The ghost moth is almost dead.
The ghost moth hits you.
* * * LOW HITPOINT WARNING * * *
You feel weakened. The ghost moth hits you!
* * * LOW HITPOINT WARNING * * *
You block the ghost moth's attack.
You closely miss the ghost moth.
The ghost moth is almost dead.
You block the ghost moth's attack. The ghost moth hits you!
* * * LOW HITPOINT WARNING * * *
The ghost moth stings you!
You die...

≈.#...#.##^ .......≈..
). #.....#≈.. .##
#...###... .. ..).#)###
.#########.##.#.. . #
##≈#...≈..........
#≈≈#.#..##..##.......#.
#$.y@..###......####.
.$....#.†.....##^...≈.#≈
.##.. #......##....†#.#≈
#.# ##...###.##.##..#. #
#..###...#......#. #.^#
............ ###≈
#..^......... s
...####### . .^ #


You could see a ghost moth (invisible, poisoned) and a wolf spider.

Vanquished Creatures
  Jorgrun (Spider:2)
  A storm dragon (D:13)
  A ghost moth (Spider:1)
  Azrael (Spider:2)
  A minotaur (Gauntlet)
  4 spark wasps (Spider:1)
  Snorg (D:12)
  2 fire dragons
  A great orb of eyes (Gauntlet)
  2 vault guards (D:13)
  7 hydras
  3 boulder beetles
  An ogre mage (D:10)
  2 centaur warriors
  A catoblepas (Lair:6)
  7 two-headed ogres
  2 tengu warriors (D:14)
  An orc high priest (Orc:1)
  A fire crab (Gauntlet)
  Sonja (D:12)
  A deep elf knight (D:13)
  3 wizards (D:13)
  A lindwurm (Lair:6)
  6 orc knights
  A deep elf pyromancer (D:14)
  4 orb spiders
  4 wolf spiders
  2 manticores
  6 ugly things
  6 cyclopes
  An orc sorcerer (Orc:1)
  A moth of wrath (Spider:1)
  3 merfolk sirens (Lair:2)
  2 centaur zombies
  2 molten gargoyles (Lair:6)
  15 cane toads
  7 black mambas
  4 demonic crawlers
  2 gargoyles
  A yaktaur (D:13)
  A freezing wraith (D:14)
  3 torpor snails
  2 efreet
  An unseen horror (D:11)
  2 rime drakes
  8 komodo dragons
  3 tengu conjurers
  4 kobold demonologists
  A merfolk (Lair:2)
  8 jumping spiders
  A jumping spider (shapeshifter) (D:13)
  4 meliai
  3 trolls
  A hornet (D:8)
  Grinder (D:5)
  6 polar bears
  A queen bee (Lair:4)
  23 blink frogs
  11 slime creatures
  A centaur simulacrum (D:14)
  21 redbacks
  5 wyverns
  8 basilisks
  A shadow (D:11)
  9 tarantellas
  2 fire elementals
  3 wraiths
  59 yaks
  19 humans (D:13)
  7 vampire mosquitoes
  6 fire bats (Gauntlet)
  A steam dragon (Lair:6)
  4 wargs
  2 acid dragons
  Duvessa (D:7)
  7 hell hounds
  10 water moccasins
  35 orc warriors
  2 black bears
  A sky beast (D:6)
  13 wolves
  3 boggarts (D:13)
  7 ogres
  15 centaurs
  2 phantoms
  4 kobold brigands
  13 bullfrogs
  2 gnoll sergeants
  2 scorpions (D:7)
  Dowan (D:7)
  A wyvern skeleton (D:7)
  27 killer bees (Lair:4)
  A water moccasin skeleton (D:4)
  4 wights (D:7)
  7 electric eels
  5 lava snakes (Lair:6)
  A jelly (Lair:6)
  Crazy Yiuf (D:2)
  9 orc priests
  2 hounds
  2 iguanas
  Ijyb (D:5)
  13 orc wizards
  A hell rat (Lair:4)
  A killer bee zombie (D:9)
  3 hound skeletons
  7 adders
  15 gnolls
  A river rat (Lair:4)
  2 white imps
  An adder skeleton (D:4)
  2 worms
  A dart slug (D:2)
  65 orcs
  8 endoplasms
  3 giant cockroaches
  9 goblins
  4 hobgoblins
  4 jackals (D:1)
  28 kobolds
  8 quokkas
  12 ball pythons
  3 bats
  3 frilled lizards
  5 rats
723 creatures vanquished.

Vanquished Creatures (collateral kills)
  A cyclops (D:11)
  A centaur zombie (D:11)
2 creatures vanquished.

Vanquished Creatures (others)
  57 foxfires
  37 fungi
  45 plants
139 creatures vanquished.

Grand Total: 864 creatures vanquished

Notes
Turn   | Place    | Note
-------+----------+-------------------------------------------
     0 | D:1      | Spaninq the Human Fire Elementalist began the quest for the
                  | Orb.
     0 | D:1      | Reached XP level 1. HP: 13/13 MP: 3/3
   165 | D:1      | Reached XP level 2. HP: 18/19 MP: 0/5
   517 | D:1      | Learned a level 2 spell: Scorch
  1242 | D:1      | Reached XP level 3. HP: 25/25 MP: 3/6
  1669 | D:2      | Reached skill level 2 in Conjurations
  1669 | D:2      | Reached XP level 4. HP: 20/31 MP: 4/7
  1673 | D:2      | Reached skill level 1 in Fighting
  2464 | D:2      | Found a radiant altar of Vehumet.
  2470 | D:2      | Became a worshipper of Vehumet
  2579 | D:2      | Found a runed translucent door.
  2580 | D:2      | Noticed Crazy Yiuf
  2587 | D:2      | Killed Crazy Yiuf
  2588 | D:2      | Reached XP level 5. HP: 37/37 MP: 2/9
  2800 | D:3      | Found a hazy altar of Hepliaklqana.
  4243 | D:3      | Reached * piety under Vehumet
  4243 | D:3      | Offered knowledge of Sandblast by Vehumet.
  4251 | D:3      | Reached XP level 6. HP: 44/44 MP: 4/11
  4710 | D:4      | Learned a level 1 spell: Sandblast
  4772 | D:4      | Found a staircase to the Ecumenical Temple.
  5019 | Temple   | Entered the Ecumenical Temple
  5218 | D:4      | Noticed Edmund
  5250 | D:4      | Reached skill level 1 in Earth Magic
  5283 | D:4      | Reached XP level 7. HP: 14/51 MP: 7/12
  5514 | D:4      | Identified 4 scrolls of acquirement
  5514 | D:4      | Acquired the +0 pair of gloves of the Shining Light {rPois
                  | rC++ Int+2}
  5521 | D:4      | Acquired the amulet "Cockutsua" {RegenMP SInv}
  5528 | D:4      | Acquired 613 gold pieces
  5530 | D:4      | Acquired a +2 hat of see invisible
  5957 | D:5      | Entered Level 5 of the Dungeon
  6197 | D:5      | Reached skill level 5 in Fire Magic
  6212 | D:5      | Noticed Grinder
  6298 | D:5      | Reached skill level 1 in Shields
  6443 | D:5      | Noticed Ijyb
  6448 | D:5      | Killed Ijyb
  6788 | D:6      | Reached XP level 8. HP: 50/57 MP: 6/14
  6797 | D:6      | Acquired the Almanac of Ashen Necromancy
  6833 | D:6      | Found Ciyqynoc's Assorted Antiques.
  7197 | D:5      | Paralysed by Grinder for 3 turns
  7205 | D:5      | Killed Grinder
  7715 | D:6      | Reached XP level 9. HP: 64/64 MP: 10/16
  7742 | D:6      | Found a snail-covered altar of Cheibriados.
  7745 | D:6      | Found a stormy altar of Qazlal.
  7747 | D:6      | Found an iron altar of Okawaru.
  7998 | D:7      | Offered knowledge of Searing Ray by Vehumet.
  8081 | D:7      | Noticed Duvessa
  8082 | D:7      | Noticed Dowan
  8117 | D:7      | Killed Dowan
  8117 | D:7      | Reached ** piety under Vehumet
  8118 | D:7      | Killed Duvessa
  8119 | D:7      | Reached skill level 5 in Spellcasting
  8337 | D:7      | Noticed a komodo dragon
  8343 | D:7      | Killed a komodo dragon
  8344 | D:7      | Reached skill level 5 in Earth Magic
  8544 | D:7      | Learned a level 4 spell: Flame Wave
  8883 | D:7      | Reached skill level 3 in Conjurations
  9140 | D:7      | Found Degaem's Assorted Antiques.
  9233 | D:8      | Identified the ring "Yhoydwar" {Drain rPois rC+ rCorr
                  | Int+6}
  9238 | D:8      | Found a staircase to the Lair.
  9259 | D:8      | Reached XP level 10. HP: 40/73 MP: 15/18
  9651 | D:8      | Reached skill level 4 in Conjurations
 10176 | D:8      | Noticed a kobold demonologist
 10176 | D:8      | Noticed a two-headed ogre
 10184 | D:8      | Killed a two-headed ogre
 10185 | D:8      | Reached skill level 5 in Fighting
 10190 | D:8      | Killed a kobold demonologist
 10191 | D:8      | Reached skill level 5 in Conjurations
 10191 | D:8      | Offered knowledge of Ignite Poison by Vehumet.
 10795 | D:9      | Learned a level 3 spell: Ignite Poison
 10923 | D:9      | Noticed a kobold demonologist
 10932 | D:9      | Reached *** piety under Vehumet
 10955 | D:9      | Noticed a kobold demonologist
 10975 | D:9      | Killed a kobold demonologist
 11012 | D:9      | Noticed a soul eater
 11013 | D:9      | Killed a kobold demonologist
 11111 | D:9      | Reached XP level 11. HP: 59/80 MP: 15/20
 11149 | D:9      | Reached skill level 6 in Conjurations
 11249 | D:9      | Found a flagged portal.
 11301 | Bailey   | Entered a bailey
 11326 | Bailey   | Offered knowledge of Iskenderun's Mystic Blast by Vehumet.
 11766 | Bailey   | Noticed an orc knight
 11780 | Bailey   | Identified the +2 cloak of Repulsion {rPois rN+ Dex+3}
 11812 | Bailey   | Reached **** piety under Vehumet
 12070 | Bailey   | Killed an orc knight
 12501 | D:9      | Learned a level 5 spell: Fireball
 12621 | D:10     | Entered Level 10 of the Dungeon
 12819 | D:10     | Offered knowledge of Hailstorm by Vehumet.
 12954 | D:10     | Identified the +10 flail of Purpose {speed, Fly rC+}
 12956 | D:10     | Noticed an ogre mage
 12956 | D:10     | Noticed a two-headed ogre
 12956 | D:10     | Noticed a two-headed ogre
 13230 | D:9      | Killed a two-headed ogre
 13231 | D:9      | Reached skill level 7 in Conjurations
 13271 | D:10     | Noticed a boulder beetle
 13282 | D:10     | Killed a boulder beetle
 13397 | D:10     | Learned a level 3 spell: Mephitic Cloud
 13489 | D:10     | Killed an ogre mage
 13491 | D:10     | Killed a two-headed ogre
 13492 | D:10     | Reached skill level 10 in Fire Magic
 13492 | D:10     | Reached skill level 1 in Poison Magic
 13492 | D:10     | Reached XP level 12. HP: 54/89 MP: 4/22
 13973 | D:11     | Found Ickogh's Antique Weapon Emporium.
 14041 | D:11     | Found a gate leading to a gauntlet.
 14072 | D:11     | Reached skill level 8 in Conjurations
 14077 | Gauntlet | Entered a Gauntlet
 14077 | Gauntlet | Noticed a fire crab
 14077 | Gauntlet | Found a transporter.
 14104 | Gauntlet | Noticed a death drake
 14184 | Gauntlet | Found a transporter.
 14186 | Gauntlet | Found a transporter.
 14189 | Gauntlet | Found a transporter.
 14190 | Gauntlet | Found a transporter.
 14191 | Gauntlet | Noticed a great orb of eyes
 14199 | Gauntlet | Noticed a green death
 14201 | Gauntlet | Found a transporter.
 14221 | Gauntlet | Found a transporter.
 14242 | Gauntlet | Found a transporter.
 14318 | Gauntlet | Killed a fire crab
 14657 | Gauntlet | Identified the +0 pair of boots of the Griffon {Regen+}
 14673 | Gauntlet | Killed a great orb of eyes
 14779 | Gauntlet | Identified the +6 glaive of the Warrior-Mage {freeze,
                  | Str+3}
 14779 | Gauntlet | Identified the +0 chain mail of Riusm {Will+ MP-9 SInv}
 14779 | Gauntlet | Noticed a minotaur
 14783 | Gauntlet | Killed a minotaur
 14952 | D:11     | Found a staircase to the Orcish Mines.
 15223 | Lair:1   | Entered Level 1 of the Lair of Beasts
 15350 | Lair:1   | Reached skill level 9 in Conjurations
 15353 | Lair:1   | Reached XP level 13. HP: 90/96 MP: 17/24
 15513 | Lair:1   | Reached ***** piety under Vehumet
 16163 | Lair:2   | Offered knowledge of Iron Shot by Vehumet.
 16209 | Lair:1   | Learned a level 6 spell: Iron Shot
 16267 | Lair:2   | Identified the +1 long sword of the Head {flame, Str+4}
 16633 | Lair:2   | Found a staircase to the Shoals.
 17198 | Lair:3   | Reached skill level 10 in Conjurations
 17233 | Lair:3   | You fall into a shaft and drop 2 floors!
 17383 | Lair:4   | Noticed a five-headed hydra
 17412 | Lair:4   | Killed a five-headed hydra
 17630 | Lair:4   | Found a hole to the Spider Nest.
 17702 | Lair:4   | Noticed a four-headed hydra
 17706 | Lair:4   | Killed a four-headed hydra
 17830 | Lair:3   | Reached skill level 10 in Earth Magic
 17866 | Lair:3   | Reached XP level 14. HP: 106/106 MP: 9/26
 18774 | Lair:4   | Reached skill level 11 in Conjurations
 20576 | D:12     | Noticed Snorg
 20581 | D:12     | Noticed Sonja
 20595 | D:12     | Killed Sonja
 20598 | D:12     | Killed Snorg
 20754 | D:12     | Offered knowledge of Lee's Rapid Deconstruction by Vehumet.
 20772 | D:12     | Got the Disquisition on Conjuration
 20779 | D:12     | Learned a level 5 spell: Lee's Rapid Deconstruction
 21075 | D:13     | Reached skill level 10 in Spellcasting
 21174 | D:13     | Reached XP level 15. HP: 75/113 MP: 15/29
 21220 | D:13     | Found a gate to the Vaults.
 21282 | D:13     | Reached skill level 12 in Conjurations
 21700 | D:13     | Noticed a storm dragon
 21703 | D:13     | Killed a storm dragon
 22703 | D:14     | Found Cualikuo's Weapon Boutique.
 22839 | D:14     | Reached ****** piety under Vehumet
 23578 | Orc:1    | Entered Level 1 of the Orcish Mines
 23740 | Orc:1    | Offered knowledge of Starburst by Vehumet.
 23748 | Orc:1    | Learned a level 6 spell: Starburst
 23858 | Orc:1    | Reached skill level 10 in Fighting
 24151 | Orc:2    | Entered Level 2 of the Orcish Mines
 24690 | Orc:2    | Reached skill level 13 in Conjurations
 25223 | Orc:2    | Reached XP level 16. HP: 111/122 MP: 23/31
 25417 | Orc:2    | Found Ihas's Armour Shop.
 25417 | Orc:2    | Found Foite's Magic Scroll Emporium.
 25419 | Orc:2    | Found Biuhevif's Assorted Antiques.
 25421 | Orc:2    | Found Cuppouxeore's General Store.
 25426 | Orc:2    | Bought a potion of heal wounds for 80 gold pieces
 25453 | Orc:2    | Found a staircase to the Elven Halls.
 26209 | Orc:2    | Found a staircase to the Elven Halls.
 26365 | Orc:2    | Found Foite's Magic Scroll Emporium.
 26365 | Orc:2    | Found Ihas's Armour Shop.
 26367 | Orc:2    | Found Cuppouxeore's General Store.
 26369 | Orc:2    | Found Biuhevif's Assorted Antiques.
 26680 | Lair:6   | Entered Level 6 of the Lair of Beasts
 27237 | Lair:6   | Found a staircase to the Slime Pits.
 27496 | Lair:6   | Offered knowledge of Eringya's Noxious Bog by Vehumet.
 27640 | Lair:6   | Found a large runed translucent door.
 27825 | Lair:6   | Found a large runed translucent door.
 27896 | Lair:6   | Identified the +10 gold dragon scales "Okuloud" {Rampage
                  | rPois rF+ rC+ Will+}
 28349 | Spider:1 | Entered Level 1 of the Spider Nest
 28364 | Spider:1 | Upgraded the game from 0.28-a0-556-gab23d0e057 to
                  | 0.28-a0-563-gf77a47075d
 29683 | Spider:2 | Noticed Jorgrun
 29815 | Spider:2 | Killed Jorgrun
 29816 | Spider:2 | Reached skill level 14 in Conjurations
 29934 | Spider:2 | Noticed Azrael
 30080 | Spider:2 | Killed Azrael
 30508 | Spider:2 | HP: 6/124 [ghost moth (9)]
 30508 | Spider:2 | Slain by a ghost moth

Illustrated notes

Levels and vault maps discovered:
D:1:      amcnicky_arrival_flooded_fountain, layout_loops_ring
D:2:      layout_basic, basic_altar, uniq_crazy_yiuf_cottage
D:3:      layout_basic, mainiacjoe_overflow_concentric_impassable
D:4:      layout_rooms, minmay_temple_entry_ruins, fountainhead, uniq_edmund
D:5:      layout_loops_ring, uniq_ijyb, uniq_grinder
D:6:      layout_rooms, grunt_temple_overflow_diamond, serial_shops,
          shop_statue, roderic_roman_lattice
D:7:      layout_basic, serial_shops, kennysheep_mini_moat, minmay_microvault,
          uniq_duvessa
D:8:      layout_basic, erik_lair_orcish_takeover, kennysheep_path_1,
          minmay_misc_feat_four_crosses, chequers_hall_statues_corner_a
D:9:      layout_loops_cross, enter_bailey_7
D:10:     layout_cave_pools, serial_rivers, chequers_serial_rivers_micro_a,
          chequers_serial_rivers_large_b, chequers_serial_rivers_large_a,
          chequers_serial_rivers_room_a, chequers_serial_rivers_micro_c,
          chequers_serial_rivers_room_a, minmay_misc_feat_chi
D:11:     layout_cave_pools, orc_0_dummy, gauntlet_entry_generic, serial_shops,
          nicolae_stop_n_shop_1
D:12:     layout_rooms, uniq_snorg, uniq_sonja
D:13:     layout_rooms, grunt_vaults_entry_tiered, minmay_evil_grid
D:14:     layout_grid_maze, minmay_misc_feat_columns, serial_shops, shop_statue,
          minivault_22, minmay_fractal_squares_gapless_7
Temple:   compressed_dpeg_circular_temple
Lair:1:   layout_regular_city, serial_bayou_shore_a
Lair:2:   layout_long_grid, elwin_shoals_entry_stream, grunt_megastairs_3
Lair:3:   layout_hall_layers, lightli_volcano_entry_magma_tube,
          patterned_corridor, grunt_megastairs_1, infiniplex_staircase_pool
Lair:4:   regret_index_tunnel_blossom, layout_layer_cave,
          spider_nest_entry_rubble
Lair:5:   layout_concentric_octagons, cheibrodos_lair_lostbears
Lair:6:   cheibrodos_lair_end_hotspot, layout_hall_layers,
          nicolae_slime_entry_slimehenge
Spider:1: layout_spider_delve, nicolae_spider_bzzzt
Spider:2: layout_spider_delve, drop_trap, uniq_azrael, uniq_jorgrun
Orc:1:    nicolae_orc_accident_1, layout_caves
Orc:2:    st_orc_rangers, layout_diamond_mine, basic_altar, lightli_orcish_oven

Skill      XL: |  1  2  3  4  5  6  7  8  9 10 11 12 13 14 15 16 |
---------------+-------------------------------------------------+-----
Conjurations   | 2 3 5 7 9 10 11 13 14 | 14.2
Fighting       | 1 2 3 4 5 6 7 8 9 10 | 10.8
Spellcasting   | 3 4 5 6 7 8 10 11 12 | 12.5
Fire Magic     | 4 5 6 7 8 10 11 12 | 12.5
Earth Magic    | 1 2 4 5 7 8 9 10 11 12 13 | 13.8
Shields        | 1 3 4 |  4.0
Poison Magic   | 1 3 4 |  4.0
Dodging        | |  2.0
Stealth        | |  2.0

Action                   |  1- 3 |  4- 6 |  7- 9 | 10-12 | 13-15 | 16-18 || total
-------------------------+-------+-------+-------+-------+-------+-------++-------
Melee: Unarmed           |     9 |       |       |       |       |       ||     9
       Short sword       |    20 |    34 |    12 |    22 |       |    14 ||   102
       Staff             |       |       |       |     3 |     4 |     5 ||    12
 Cast: Foxfire           |    19 |     4 |       |    10 |       |       ||    33
       Scorch            |    16 |    87 |   139 |   166 |    25 |       ||   433
       Sandblast         |       |       |     2 |    20 |   156 |    19 ||   197
       Flame Wave        |       |       |     1 |    27 |    25 |     9 ||    62
       Ignite Poison     |       |       |       |     7 |     1 |       ||     8
       Mephitic Cloud    |       |       |       |    17 |    12 |     2 ||    31
       Fireball          |       |       |       |     4 |    12 |    12 ||    28
       Iron Shot         |       |       |       |       |   223 |   135 ||   358
       Lee's Rapid Decon |       |       |       |       |    16 |    16 ||    32
       Starburst         |       |       |       |       |       |     1 ||     1
Evoke: Wand              |       |       |       |       |     1 |     9 ||    10
  Use: Potion            |       |     1 |       |     9 |       |     7 ||    17
       Scroll            |       |       |    21 |     8 |     5 |       ||    34
 Stab: Sleeping          |     1 |     1 |       |       |       |       ||     2
Armor: Robe              |    11 |    17 |    17 |    47 |    41 |    63 ||   196
Dodge: Dodged            |    38 |    54 |    54 |    82 |   106 |    84 ||   418
Block: Buckler           |       |       |    16 |    25 |    43 |    35 ||   119

Table legend: (Time is in decaauts)
 A = Elapsed time spent in this place.
 B = Non-inter-level travel time spent in this place.
 C = Inter-level travel time spent in this place.
 D = Time resting spent in this place.
 E = Time spent auto-exploring this place.
 F = Levels seen in this place.
 G = Mean time per level.
                   A        B        C        D        E       F      G
               +--------+--------+--------+--------+--------+-----+--------+
         Total |  30616 |  29088 |   1528 |   7494 |  13607 |  27 | 1133.9 |
       Dungeon |  16725 |  15935 |    790 |   4592 |   7628 |  14 | 1194.6 |
        Temple |    181 |    144 |     37 |      0 |    128 |   1 |  181.0 |
          Lair |   7005 |   6518 |    487 |    705 |   3943 |   6 | 1167.5 |
   Spider Nest |   2116 |   1999 |    117 |    677 |    324 |   2 | 1058.0 |
  Orcish Mines |   2854 |   2758 |     96 |    507 |   1374 |   2 | 1427.0 |
        Bailey |    934 |    934 |      0 |    434 |    209 |   1 |  934.0 |
      Gauntlet |    798 |    798 |      0 |    579 |      0 |   1 |  798.0 |
               +--------+--------+--------+--------+--------+-----+--------+

Top non-repeatable levels by time:
     D:3: 2130 daAuts
   Orc:2: 1973 daAuts
Spider:1: 1740 daAuts
     D:8: 1683 daAuts
    D:14: 1640 daAuts
  Lair:4: 1638 daAuts
  Lair:6: 1617 daAuts
     D:1: 1572 daAuts
     D:7: 1549 daAuts
     D:2: 1285 daAuts
     D:5: 1217 daAuts
     D:9: 1150 daAuts
  Lair:2: 1033 daAuts
    D:10: 1028 daAuts
  Lair:1: 1025 daAuts
